Map: Oksydacja ER

Players

RSyfer - Winner!

  • Race: Protoss Protoss
  • League: Platinum
  • Spawn Location: 7:00

SanguisAter

  • Race: Protoss Protoss
  • League: Platinum
  • Spawn Location: 1:00

VOD

Have the link to the VOD?

Description

Time

  • Played on: Oct. 7, 2020, 9:02 a.m.
  • Length: 18:26
Show
View Real Time Build Order
Export as new Build Order

RSyfer Protoss - Winner!

Build Orders:  

Get SALT Encoding   

  12  0:00  Probe  
  13  0:12  Probe  
  14  0:20  Pylon  
  14  0:25  Probe  
  15  0:38  Probe (Chrono Boost)  
  15  0:40  Gateway  
  16  0:49  Probe (Chrono Boost)  
  17  0:51  Assimilator  
  17  0:54  Probe (Chrono Boost)  
  18  1:04  Assimilator, Probe  
  18  1:10  Assimilator  
  19  1:16  Probe  
  20  1:28  Cybernetics Core  
  20  1:31  Pylon  
  20  1:33  Probe  
  21  1:45  Gateway  
  21  1:47  Probe  
  22  2:05  Probe  
  22  2:07  Warp Gate  
  22  2:08  Adept (Chrono Boost)  
  25  2:18  Probe  
  26  2:30  Probe  
  26  2:33  Adept (Chrono Boost)  
  31  2:37  Stalker (Chrono Boost)  
  31  2:51  Pylon  
  31  2:55  Robotics Facility  
  31  3:09  Probe  
  31  3:11  Pylon  
  32  3:21  Probe  
  33  3:32  Stalker  
  33  3:33  Probe, Stalker  
  38  3:40  Nexus  
  38  3:45  Probe  
  37  4:09  Probe  
  38  4:11  Immortal (Chrono Boost)  
  42  4:21  Probe  
  43  4:28  Shield Battery  
  43  4:33  Stalker x2  
  47  4:39  Pylon  
  47  4:51  Probe  
  47  4:52  Observer (Chrono Boost)  
  49  4:53  Probe  
  50  5:03  Probe  
  50  5:05  Probe  
  50  5:07  Observer (Chrono Boost)  
  52  5:10  Forge  
  52  5:11  Twilight Council  
  53  5:15  Probe  
  53  5:17  Probe  
  55  5:25  Immortal (Chrono Boost)  
  55  5:28  Probe  
  60  5:29  Probe  
  55  5:45  Assimilator  
  55  5:49  Assimilator  
  55  5:54  Immortal (Chrono Boost)  
  55  5:56  Pylon  
  59  6:00  Shield Battery  
  59  6:01  Shield Battery  
  59  6:10  Charge (Chrono Boost)  
  59  6:11  Dark Shrine  
  59  6:12  Protoss Ground Weapons Level 1  
  59  6:18  Sentry  
  61  6:19  Probe x2  
  63  6:26  Zealot  
  63  6:31  Probe x2  
  67  6:36  Gateway, Pylon  
  67  6:37  Gateway  
  67  6:42  Pylon  
  67  6:43  Probe  
  67  6:45  Probe  
  69  6:50  Photon Cannon  
  69  6:53  Photon Cannon  
  69  7:03  Probe  
  70  7:17  Nexus  
  70  7:18  Pylon  
  70  7:20  Probe  
  70  7:21  Probe  
  71  7:28  Shadow Stride (Chrono Boost)  
  71  7:32  Probe  
  71  7:33  Probe  
  71  7:34  Dark Templar x4  
  81  7:45  Probe x2  
  81  7:46  Shield Battery  
  81  7:48  Photon Cannon  
  83  7:52  Pylon  
  83  7:57  Probe x2  
  85  8:10  Immortal  
  89  8:21  Probe  
  89  8:22  Probe  
  91  8:30  Photon Cannon  
  91  8:33  Probe  
  91  8:34  Probe x2  
  94  8:46  Probe x3  
  94  8:48  Warp Prism (Chrono Boost)  
  97  8:50  Assimilator  
  97  8:54  Assimilator  
  99  8:58  Probe x3  
  96  9:10  Probe x2  
  95  9:23  Stalker x3  
  95  9:24  Stalker  
  97  9:31  Immortal  
  81  10:00  Stalker x4  
  88  10:10  Gateway, Immortal (Chrono Boost)  
  88  10:12  Gateway  
  90  10:15  Gateway  
  90  10:16  Gateway  
  90  10:18  Gateway x2  
  88  10:22  Stargate  
  86  10:28  Stalker x3  
  86  10:29  Stalker  
  94  10:45  Observer (Chrono Boost)  
  94  10:48  Photon Cannon  
  93  10:50  Shield Battery  
  93  10:53  Dark Templar x2  
  93  10:54  Dark Templar x2  
  101  11:02  Pylon x3, Protoss Ground Weapons Level 2 (Chrono Boost)  
  101  11:03  Pylon x2  
  101  11:14  Void Ray  
  103  11:39  Probe x2  
  105  11:51  Probe x2  
  105  11:57  Nexus  
  105  12:00  Void Ray  
  99  12:02  Pylon  
  99  12:03  Probe  
  99  12:06  Immortal  
  87  12:32  Probe x2  
  83  12:44  Probe x2  
  83  12:49  Stargate  
  83  12:50  Stargate  
  85  12:52  Fleet Beacon  
  85  12:56  Probe x2  
  87  13:01  Dark Templar x5  
  87  13:03  Nexus  
  87  13:05  Warp Prism  
  97  13:10  Probe  
  100  13:14  Assimilator  
  100  13:20  Shield Battery, Assimilator  
  100  13:54  Nexus  
  100  13:55  Pylon  
  92  14:25  Probe x2  
  92  14:29  Unknown  
  94  14:32  Photon Cannon  
  94  14:34  Photon Cannon  
  94  14:35  Carrier (Chrono Boost), Probe  
  94  14:36  Carrier x2 (Chrono Boost)  
  94  14:37  Probe x2, Photon Cannon  
  101  14:39  Shield Battery  
  101  14:44  Immortal  
  117  14:52  Stalker  
  117  14:53  Stalker x3  
  117  14:55  Probe x3  
  117  14:56  Protoss Ground Weapons Level 3 (Chrono Boost)  
  122  15:11  Assimilator  
  118  15:22  Protoss Air Weapons Level 1 (Chrono Boost)  
  118  15:27  Zealot x7  
  118  15:28  Zealot  
  126  15:42  Probe x2  
  126  16:00  Nexus  
  126  16:02  Pylon, Probe  
  126  16:03  Probe  
  126  16:04  Probe  
  129  16:08  Forge  
  129  16:10  Cybernetics Core  
  129  16:15  Probe  
  129  16:16  Assimilator  
  130  16:24  Carrier  
  130  16:28  Shield Battery  
  130  16:29  Shield Battery  
  130  16:32  Assimilator, Photon Cannon  
  130  16:35  Assimilator  
  130  16:36  Observer (Chrono Boost)  
  138  16:55  Warp Prism  
  138  16:58  Carrier  
  138  17:00  Sentry  
  147  17:15  Photon Cannon  
  147  17:16  Photon Cannon  
  147  17:18  Photon Cannon  
  147  17:20  Photon Cannon  
  147  17:23  Dark Templar x4  
  155  17:39  Probe  
  156  17:49  Dark Templar x3  
Show
View Real Time Build Order
Export as new Build Order

SanguisAter Protoss 

Build Orders: 1 Gate Expand 

Get SALT Encoding   

  12  0:01  Probe  
  13  0:13  Probe  
  14  0:19  Pylon  
  14  0:25  Probe  
  15  0:37  Probe (Chrono Boost)  
  15  0:40  Gateway  
  16  0:45  Assimilator  
  16  0:49  Probe (Chrono Boost)  
  17  0:58  Probe (Chrono Boost)  
  17  1:04  Probe  
  19  1:16  Probe  
  20  1:29  Probe  
  20  1:30  Nexus  
  21  1:53  Cybernetics Core  
  21  1:55  Pylon, Probe  
  22  2:02  Pylon  
  22  2:19  Gateway, Probe  
  23  2:28  Warp Gate (Chrono Boost)  
  23  2:29  Stalker (Chrono Boost)  
  25  2:40  Probe  
  26  2:50  Probe  
  27  2:52  Probe  
  27  2:57  Stalker (Chrono Boost)  
  28  3:02  Probe  
  28  3:05  Probe  
  32  3:06  Stalker  
  34  3:14  Probe  
  34  3:15  Assimilator  
  35  3:20  Probe  
  35  3:26  Probe  
  37  3:28  Robotics Facility  
  37  3:31  Stalker  
  37  3:32  Probe  
  40  3:38  Probe  
  41  3:44  Probe  
  42  3:50  Probe  
  40  4:15  Probe x2  
  42  4:22  Stalker x2  
  46  4:33  Pylon  
  46  4:35  Pylon  
  46  4:51  Probe x2  
  46  4:52  Stalker x2  
  52  4:56  Immortal (Chrono Boost)  
  52  4:57  Gateway  
  52  4:58  Gateway  
  56  5:03  Probe x2  
  56  5:06  Pylon  
  58  5:10  Assimilator  
  58  5:12  Assimilator  
  57  5:15  Probe x2  
  59  5:23  Stalker  
  57  5:45  Stalker  
  59  5:51  Probe x2  
  59  5:53  Stalker x2  
  65  6:01  Pylon  
  65  6:03  Probe  
  66  6:06  Pylon  
  66  6:11  Observer, Pylon  
  67  6:15  Stalker  
  67  6:16  Probe  
  70  6:19  Probe  
  70  6:22  Forge  
  71  6:26  Pylon  
  71  6:28  Probe  
  71  6:32  Immortal  
  76  6:34  Sentry x3  
  83  6:40  Probe x2  
  84  6:49  Robotics Bay  
  84  6:52  Probe  
  85  6:54  Stalker  
  85  6:57  Probe  
  88  7:04  Probe  
  89  7:10  Pylon  
  89  7:12  Gateway, Protoss Ground Weapons Level 1 (Chrono Boost)  
  89  7:26  Extended Thermal Lance  
  89  7:29  Probe x2  
  91  7:30  Stalker x4  
  99  7:37  Gateway  
  99  7:51  Colossus (Chrono Boost)  
  105  8:09  Nexus  
  105  8:11  Pylon  
  105  8:15  Pylon  
  105  8:16  Stalker x2  
  109  8:20  Pylon  
  109  8:21  Pylon  
  109  8:22  Pylon  
  109  8:57  Stalker x2  
  109  8:58  Stalker x3  
  80  9:31  Observer (Chrono Boost)  
  51  10:29  Stalker x3  
  51  10:30  Stalker x3  
  63  10:39  Probe x2  
  65  10:51  Probe x2  
  65  10:55  Photon Cannon  
  67  10:59  Photon Cannon  
  67  11:03  Photon Cannon, Probe x2  
  69  11:10  Photon Cannon  
  69  11:15  Nexus, Probe x2  
  69  11:17  Photon Cannon  
  71  11:19  Photon Cannon  
  71  11:22  Stalker x4  
  79  11:27  Probe  
  79  11:28  Probe (Chrono Boost)  
  75  11:38  Twilight Council  
  67  11:41  Pylon  
  46  12:44  Probe  
  47  12:53  Stalker x3  
  47  12:56  Probe  
  47  12:57  Photon Cannon  
  54  13:00  Photon Cannon  
  54  13:06  Probe  
  54  13:07  Probe  
  54  13:08  Probe  
  57  13:18  Probe  
  57  13:19  Probe  
  59  13:20  Probe  
  60  13:31  Protoss Ground Weapons Level 2  
  60  13:32  Probe  
  60  13:33  Stalker x2  
  71  13:36  Probe  
  71  13:37  Probe  
  73  13:47  Observer (Chrono Boost)  
  56  14:25  Observer (Chrono Boost)  
  56  14:29  Stalker  
  56  14:30  Stalker x3  
  56  14:31  Stalker  
  67  14:40  Colossus (Chrono Boost)  
  67  14:44  Photon Cannon  
  73  14:46  Probe (Chrono Boost)  
  73  14:47  Photon Cannon, Probe x2 (Chrono Boost)  
  76  14:58  Probe (Chrono Boost)  
  76  14:59  Probe (Chrono Boost)  
  53  15:30  Stalker  
  53  15:31  Stalker x4  
  61  15:45  Stalker  
  59  15:52  Blink (Chrono Boost)  
  59  16:00  Probe x3  
  62  16:12  Probe x3  
  62  16:13  Colossus (Chrono Boost)  
  71  16:29  Probe x2  
  73  16:44  Stalker x2  
  77  16:51  Sentry x2, Colossus (Chrono Boost)  
  87  17:02  Stalker x2  
  90  17:14  Stalker x2  
  90  17:15  Stalker x2  
  98  17:39  Nexus  
  98  17:40  Photon Cannon  
  98  17:41  Probe x2  
  100  17:45  Pylon  
  92  18:12  Stalker x2  
  77  18:13  Stalker x2  
Tags
 
Add a new tag
Caveats
  • Supply blocks, unpowered buildings, or Contaminate may cause inaccurate times.
  • Supply counts are checked every 10 seconds.